[Event "*** Titled Tuesday Blitz"]
[Site "Chess.com"]
[Date "2019.11.05"]
[Round "7"]
[White "arminmusovic"]
[Black "BlueWizzard"]
[Result "0-1"]
[WhiteElo "2433"]
[BlackElo "2821"]
[TimeControl "180+2"]
[EndTime "14:36:18 PST"]
[Termination "BlueWizzard won by resignation"]

1. a3 c5 2. Nc3 d5 3. e4 d4 4.
Nce2 e5 5. Ng3 Nc6 6. Bb5 Qb6 7.
Bxc6+ Qxc6 8. d3 Bd6 9. N1e2 Ne7 10. f4 exf4 11. Bxf4 Ng6 12. Bxd6 Qxd6 13. O-O Ne5 14. Nf4 Be6 15. Nxe6 Qxe6 16. Qh5 O-O-O 17. a4 Kb8 18. a5 a6 19. b4 cxb4 20. Rfb1 Rc8 21.
Rxb4 Rxc2 22. Rab1 Ka8 23. Rb6 Qa2 24. Ne2 f6 25.
Nf4 Rhc8 26. h3 g5 27. Qxh7 R8c7 28. Qh8+ Rc8 29. Qxf6 Nf3+ 30. gxf3 Rc1+ 0-1

[Event "*** Titled Tuesday Blitz"]
[Site "Chess.com"]
[Date "2019.11.05"]
[Round "7"]
[White "colegiodemadrid"]
[Black "vladimirdamjanovic"]
[Result "0-1"]
[WhiteElo "2414"]
[BlackElo "2599"]
[TimeControl "180+2"]
[EndTime "14:36:20 PST"]
[Termination "vladimirdamjanovic won by resignation"]

1. Nf3 c5 2. e4 d6 3. d4 cxd4 4. Nxd4 Nf6 5. Nc3 g6 6. Be3 Bg7 7. f3 Nc6 8. Qd2 h5 9. O-O-O Bd7 10. Kb1 Rc8 11. h3 h4 12. f4 Nh5 13. Nxc6 bxc6 14. Bd4 Bxd4 15. Qxd4 O-O 16. e5 d5 17. Bd3 Ng3 18.
Rhe1 Qb6 19. Bf1 Rb8 20. Na4 Qa5 21. Nc5 Rb4 22. Qc3 Rfb8 23. Nb3 Qb6 24. a3 Rxf4 25. Nc5 Bf5 26. Bd3 Bxd3 27. cxd3 Rf2 28. b4 Qb5 29. Qd4 Rxg2 30. e6 f6 31. Qxh4 Qxc5 32. Rc1 Qf2 0-1

[Event "*** Titled Tuesday Blitz"]
[Site "Chess.com"]
[Date "2019.11.05"]
[Round "7"]
[White "yjjga"]
[Black "TheFireChess"]
[Result "0-1"]
[WhiteElo "2031"]
[BlackElo "2511"]
[TimeControl "180+2"]
[EndTime "14:36:20 PST"]
[Termination "TheFireChess won on time"]

1. d4 d6 2. c4 f5 3. Nc3 Nf6 4. g3 g6 5. Bg2 c6 6. Nf3 Bg7 7.
O-O O-O 8. d5 e5 9. Bg5 c5 10.
Qd2 e4 11. Ne1 Nbd7 12. Nc2 Ne5 13. b3 a6 14. a4 a5 15. Rae1 Nf7 16. Be3 Ng4 17. f3 Nxe3 18. Nxe3 exf3 19. exf3 Bd7 20. Re2 b6 21. Rfe1 Qf6 22. Ncd1 Rae8 23. Nc2 Ne5 24. h3 f4 25. g4 h5 26. Nf2 hxg4 27.
hxg4 g5 28. Ne4 Qh6 29. Bh1 Qg6 30. Rh2 Nf7 31. Rh5 Re5 32. Bg2 Rfe8 33. Kh2 Nh6 34. Qd1 Rxe4 35. fxe4 Nxg4+ 0-1

[Event "*** Titled Tuesday Blitz"]
[Site "Chess.com"]
[Date "2019.11.05"]
[Round "7"]
[White "NoGalloNoParty"]
[Black "chanchakman"]
[Result "1-0"]
[WhiteElo "2297"]
[BlackElo "2150"]
[TimeControl "180+2"]
[EndTime "14:36:25 PST"]
[Termination "NoGalloNoParty won on time"]

1. d4 Nf6 2. Nf3 g6 3. c4 Bg7 4. g3 d6 5. Bg2 O-O 6. Nc3 c6 7. O-O Qc7 8. e4 e5 9. h3 h6 10.
Be3 Be6 11. b3 Nh5 12. Qd2 Kh7 13. Rac1 f5 14. exf5 gxf5 15. dxe5 dxe5 16. Rfd1 Na6 17. Qc2 Kg8 18. Nh4 f4 19. Bd2 fxg3 20. fxg3 Nxg3 21. Qg6 Qb6+ 22. Kh2 Bxh3 23. Bxh6 1-0

[Event "*** Titled Tuesday Blitz"]
[Site "Chess.com"]
[Date "2019.11.05"]
[Round "7"]
[White "Crazy_girl99"]
[Black "MFBerna"]
[Result "1-0"]
[WhiteElo "2534"]
[BlackElo "2316"]
[TimeControl "180+2"]
[EndTime "14:36:27 PST"]
[Termination "Crazy_girl99 won by resignation"]

1. e4 c6 2. d4 d5 3. e5 c5 4. dxc5 e6 5. Be3 Nd7 6. Nf3 Bxc5 7. Bxc5 Nxc5 8. Qd4 Qb6 9. Nc3 Ne7 10. Be2 Nf5 11.
Qd2 O-O 12. O-O Ne4 13. Nxe4 dxe4 14. Ng5 e3 15. fxe3 Qxb2 16. g4 Nh6 17. Qd3 g6 18. Qe4 Bd7 19. Rab1 Qc3 20. Rb3 Qc5 21. Qf4 Bc6 22.
Bf3 Rad8 23. Bxc6 Qxc6 24. Ne4 Kg7 25. Rc3 Qd5 26. Rf2 Ng8 27. g5 Qd1+ 28. Kg2 h5 29. Rc7 Qg4+ 30. Qxg4 hxg4 31. Rxb7 Rc8 32. Rxa7 Rc4 33.
Nd6 Rc5 34. Nxf7 Rfc8 35. Nd6+ 1-0

[Event "*** Titled Tuesday Blitz"]
[Site "Chess.com"]
[Date "2019.11.05"]
[Round "7"]
[White "FearlessKing64"]
[Black "maxip32"]
[Result "0-1"]
[WhiteElo "2313"]
[BlackElo "2489"]
[TimeControl "180+2"]
[EndTime "14:36:27 PST"]
[Termination "maxip32 won by resignation"]

1. e4 c5 2. Nf3 d6 3. d4 cxd4 4.
Nxd4 Nf6 5. f3 a6 6. c4 g6 7. Be3 Bg7 8. Qd2 O-O 9. Nc3 Nc6 10. Rc1 Rb8 11. Be2 Nd7 12. O-O Nc5 13. Rfd1 Nxd4 14. Bxd4 Bxd4+ 15. Qxd4 Ne6 16. Qd2 Re8 17.
b3 Qa5 18. Kh1 Qe5 19. Nd5 Nc5 20. Qh6 Be6 21. Nc3 Qg7 22. Qh4 Bd7 23. Nd5 g5 24.
Qg3 h6 25. h4 Ne6 26. hxg5 hxg5 27. Kg1 Nd4 28. Kf2 e5 29. Rh1 Be6 30. Rh5 f6 31. Nxf6+ Qxf6 32. Rxg5+ Kf7 33. Rh1 Rh8 34. Rgh5 Rxh5 35.
Rxh5 Rg8 36. Rh7+ Rg7 37. Qh2 Qg6 38. Rh6 Qg5 39. Rh5 Qd2 0-1

[Event "*** Titled Tuesday Blitz"]
[Site "Chess.com"]
[Date "2019.11.05"]
[Round "7"]
[White "justantan"]
[Black "ChessWarrior7197"]
[Result "0-1"]
[WhiteElo "2858"]
[BlackElo "2960"]
[TimeControl "180+2"]
[EndTime "14:36:28 PST"]
[Termination "ChessWarrior7197 won by resignation"]

1. e4 c5 2. Nf3 d6 3. d4 cxd4 4. Nxd4 Nf6 5. Nc3 a6 6. h3 e5 7. Nde2 b5 8. Ng3 Qc7 9. Bd3 Nbd7 10. O-O Bb7 11. Re1 g6 12. Bd2 Bg7 13. a4 b4 14. Nd5 Nxd5 15. exd5 O-O 16. Bxb4 f5 17. Bf1 e4 18. c3 a5 19. Ba3 Ne5 20. Bb5 Rad8 21. Qb3 Kh8 22. Ne2 Qf7 23. Nf4 Bc8 24. Rad1 Qe7 25. Ne6 Bxe6 26. dxe6 Rf6 27. f4 Rxe6 28.
fxe5 Bxe5 29. Qd5 Rf8 30. c4 f4 31. Rxe4 f3 32. Rf1 Qg5 33. Rg4 Qe3+ 34. Kh1 fxg2+ 35. Qxg2 Rxf1+ 36. Qxf1 Rf6 37. c5 Rxf1+ 38. Bxf1 Qf2 0-1

[Event "*** Titled Tuesday Blitz"]
[Site "Chess.com"]
[Date "2019.11.05"]
[Round "7"]
[White "ChadBiryani"]
[Black "Rhinos1"]
[Result "0-1"]
[WhiteElo "2200"]
[BlackElo "2064"]
[TimeControl "180+2"]
[EndTime "14:36:33 PST"]
[Termination "Rhinos1 won on time"]

1. d4 Nf6 2. Bf4 g6 3. e3 Bg7 4.
Be2 d6 5. h4 Nbd7 6. h5 e5 7.
dxe5 dxe5 8. Bh2 O-O 9. c3 Re8 10.
Nd2 a5 11. hxg6 hxg6 12. Ngf3 a4 13. O-O b6 14. Qc2 Bb7 15. Rad1 Qe7 16. Bc4 Ng4 17. Bg3 e4 18. Nd4 Nde5 19. Be2 f5 20. Nc4 Qg5 21. Nxe5 Bxe5 22. Bc4+ Kf8 23. Bxe5 Nxe5 24. Be2 Nf3+ 25. Bxf3 exf3 26. g3 c5 27. Nb5 Qh5 28. Rd6 Qh3 29.
Rf6+ Kg7 0-1

[Event "*** Titled Tuesday Blitz"]
[Site "Chess.com"]
[Date "2019.11.05"]
[Round "7"]
[White "Mikhail_Golubev"]
[Black "JSPrepz"]
[Result "1-0"]
[WhiteElo "2633"]
[BlackElo "2812"]
[TimeControl "180+2"]
[EndTime "14:36:34 PST"]
[Termination "Mikhail_Golubev won by resignation"]

1. e4 e5 2. Nf3 Nc6 3. Nc3 Nf6 4. d4 exd4 5. Nxd4 Bb4 6. Nxc6 bxc6 7. Bd3 d5 8. Bd2 O-O 9. O-O Rb8 10. exd5 cxd5 11. Re1 c6 12. Na4 Bd6 13. h3 h6 14. c4 Be6 15.
Rc1 Bc7 16. cxd5 cxd5 17. Bc3 Nd7 18. Bd4 a5 19. Qc2 Bd6 20. b3 Qh4 21. Qd2 Bf4 22.
Qb2 Bxc1 23. Rxc1 f6 24. Re1 Bf7 25. Re7 Ne5 26. Bxe5 fxe5 27. Qxe5 Qxf2+ 28. Kxf2 Rb4 29. Kg1 Rh4 30. Nc5 Rc8 31. Ne6 1-0

[Event "*** Titled Tuesday Blitz"]
[Site "Chess.com"]
[Date "2019.11.05"]
[Round "7"]
[White "Galileo22"]
[Black "timator"]
[Result "0-1"]
[WhiteElo "2418"]
[BlackElo "2664"]
[TimeControl "180+2"]
[EndTime "14:36:36 PST"]
[Termination "timator won on time"]

1. Nf3 Nf6 2. d4 e6 3. c4 b6 4. g3 Ba6 5. Qc2 Bb4+ 6. Bd2 Be7 7. Bg2 c6 8. c5 O-O 9. h4 Nd5 10. e4 Nf6 11. Nc3 bxc5 12. e5 Nd5 13. dxc5 Nb4 14. Qb1 Nd3+ 15. Kf1 Nxe5+ 16. Kg1 Nxf3+ 17. Bxf3 Bxc5 18. Ne4 Be7 19. Ng5 f5 20. Qc2 h6 21. Nh3 e5 22.
Re1 e4 23. Bh5 d5 24. Nf4 Rf6 25. Bc3 d4 26. Qb3+ Kh7 27. Bd2 Nd7 28. Ne6 Qg8 29. Ng5+ hxg5 30. hxg5 Qxb3 31. axb3 Rg6 0-1

[Event "*** Titled Tuesday Blitz"]
[Site "Chess.com"]
[Date "2019.11.05"]
[Round "7"]
[White "WinningButNotReally"]
[Black "DeGrootteZ"]
[Result "0-1"]
[WhiteElo "2435"]
[BlackElo "2624"]
[TimeControl "180+2"]
[EndTime "14:36:41 PST"]
[Termination "DeGrootteZ won by resignation"]

1. Nf3 Nf6 2. g3 d5 3. Bg2 c6 4. O-O Bf5 5. c4 e6 6. d4 Be7 7. Nbd2 O-O 8. b3 h6 9. Bb2 a5 10. Ne5 Nbd7 11. Rc1 Nxe5 12. dxe5 Nd7 13. e4 dxe4 14.
Nxe4 Bxe4 15. Bxe4 a4 16. Bc2 axb3 17. axb3 Ra2 18.
Bc3 Nc5 19. Qg4 Bg5 20. f4 Be7 21. f5 Bg5 22. Rcd1 Qb6 23. Bb1 exf5 24. Qxf5 g6 25.
Qg4 Qxb3 26. Bxg6 Qxc3 27. h4 Qb2 28. Qh3 Be3+ 29. Kh1 Qxe5 30. Bb1 Rb2 31. Rde1 Rxb1 32. Rxb1 Qe4+ 33. Kh2 Rd8 34. Rb2 b5 35. Rxb5 cxb5 0-1

[Event "*** Titled Tuesday Blitz"]
[Site "Chess.com"]
[Date "2019.11.05"]
[Round "7"]
[White "AyelenChess"]
[Black "IvanRadivojevic"]
[Result "0-1"]
[WhiteElo "2057"]
[BlackElo "2493"]
[TimeControl "180+2"]
[EndTime "14:36:41 PST"]
[Termination "IvanRadivojevic won by resignation"]

1. e4 c6 2. d4 d5 3. e5 Bf5 4.
h4 Qb6 5. g4 Bd7 6. Nc3 e6 7.
Nf3 c5 8. Ne2 h5 9. g5 g6 10. c3 Nc6 11. Bh3 Nge7 12. Nf4 cxd4 13. cxd4 Rc8 14. O-O Bg7 15. Be3 O-O 16. Nd3 Nf5 17.
Bxf5 exf5 18. Nf4 Be6 19. Ne1 Qxb2 20. Ned3 Qa3 21. Nc5 Rfe8 22. Nxb7 Bf8 23. Qb3 Qxb3 24. axb3 Rb8 25. Na5 Nb4 26. Rfc1 Rec8 27. Kg2 Nc2 28.
Rab1 Bb4 29. Rxc2 Rxc2 30. Ra1 Rb5 31. Nd3 Bxa5 32. b4 Bb6 33. Rb1 Rc4 34. Kf3 a5 0-1

[Event "*** Titled Tuesday Blitz"]
[Site "Chess.com"]
[Date "2019.11.05"]
[Round "7"]
[White "Hadza_3"]
[Black "MartinZumsande"]
[Result "0-1"]
[WhiteElo "2395"]
[BlackElo "2563"]
[TimeControl "180+2"]
[EndTime "14:36:42 PST"]
[Termination "MartinZumsande won by checkmate"]

1. e4 e6 2. Nf3 d5 3. e5 c5 4.
g3 Nc6 5. Bg2 Qc7 6. Qe2 Nge7 7.
O-O Nf5 8. c3 h5 9. h4 b6 10. d3 Bb7 11. Bf4 Be7 12. a4 a5 13.
Na3 Ba6 14. Nb5 Bxb5 15. axb5 Na7 16. c4 dxc4 17. dxc4 Rd8 18. Rad1 O-O 19. Bg5 Nc8 20. Bxe7 Ncxe7 21. Ng5 g6 22. Ne4 Kg7 23. Nf6 Ng8 24. Nxh5+ gxh5 25. Qxh5 Qe7 26. Be4 Ngh6 27. Kg2 Rxd1 28.
Rxd1 Rd8 29. Rh1 Rd4 30. Bb1 Qb7+ 31. Kh2 Ng4+ 32. Kg1 Rd1# 0-1

[Event "*** Titled Tuesday Blitz"]
[Site "Chess.com"]
[Date "2019.11.05"]
[Round "7"]
[White "saraswathii"]
[Black "twitchTriniCupid"]
[Result "0-1"]
[WhiteElo "2218"]
[BlackElo "2434"]
[TimeControl "180+2"]
[EndTime "14:36:42 PST"]
[Termination "twitchTriniCupid won on time"]

1. e4 c6 2. d3 d5 3. Nd2 Nf6 4. Ngf3 Bg4 5. h3 Bh5 6. g4 Bg6 7. e5 Nfd7 8. d4 e6 9. c3 h5 10.
g5 h4 11. Bg2 c5 12. Qb3 Qc7 13. O-O Nc6 14. a3 Be7 15. Re1 a6 16. Nf1 Bd3 17. Be3 b5 18. dxc5 Nxc5 19. Qd1 Be4 20. N1d2 Bf5 21.
Nd4 Nxd4 22. cxd4 Nd3 23. Rf1 Nxb2 24. Qb3 Nc4 25. Rac1 Qa5 26. Nxc4 bxc4 27. Qb7 Qd8 28. Rfd1 O-O 29. f4 Bxa3 30. Ra1 Rb8 31. Qxa6 Bb2 32. Ra2 c3 33. Qf1 c2 34. Re1 Qb6 0-1

[Event "*** Titled Tuesday Blitz"]
[Site "Chess.com"]
[Date "2019.11.05"]
[Round "7"]
[White "GasconJR"]
[Black "gorgeous1083"]
[Result "1-0"]
[WhiteElo "2471"]
[BlackElo "1997"]
[TimeControl "180+2"]
[EndTime "14:36:51 PST"]
[Termination "GasconJR won on time"]

1. e4 e5 2. Nf3 Nc6 3. Bc4 Bc5 4. d3 d6 5. O-O h6 6. c3 Nf6 7. Nbd2 O-O 8. h3 a6 9. a4 Ne7 10. d4 exd4 11. cxd4 Ba7 12. Bd3 Nc6 13. d5 Ne5 14. Nxe5 dxe5 15. Nc4 Qe7 16. b4 Bd7 17. Ba3 Rfe8 18. Rc1 Bd4 19. Qb3 b5 20. Na5 bxa4 21. Qc2 Bb5 22. Rfe1 Qd6 23. Nc6 Rac8 24. Nxd4 exd4 25.
Bb2 Qe5 26. Bxb5 axb5 27. Qd3 1-0

[Event "*** Titled Tuesday Blitz"]
[Site "Chess.com"]
[Date "2019.11.05"]
[Round "7"]
[White "albano87"]
[Black "Feegus"]
[Result "1-0"]
[WhiteElo "2022"]
[BlackElo "2330"]
[TimeControl "180+2"]
[EndTime "14:36:51 PST"]
[Termination "albano87 won by resignation"]

1. d4 Nf6 2. Nf3 g6 3. g3 Bg7 4.
Bg2 O-O 5. O-O d5 6. c4 dxc4 7. Na3 c3 8. bxc3 c5 9. Ne5 cxd4 10. cxd4 Nbd7 11. Nac4 Nxe5 12. dxe5 Nd7 13. Bb2 Nb6 14.
Qxd8 Rxd8 15. Nxb6 axb6 16. Rfd1 Be6 17. Bxb7 Rab8 18. Be4 Bc4 19. Kf1 e6 20. Ke1 Bf8 21. Bc3 b5 22. Ba5 Rxd1+ 23. Kxd1 Bc5 24. e3 Re8 25.
Rc1 Re7 26. a4 Bb3+ 27. Bc2 Rd7+ 28. Ke1 Ba3 29. Rd1 Rxd1+ 30. Kxd1 Bxc2+ 31. Kxc2 bxa4 32. Kc3 g5 33. Bb4 Bc1 34. Kc2 1-0

[Event "*** Titled Tuesday Blitz"]
[Site "Chess.com"]
[Date "2019.11.05"]
[Round "7"]
[White "NTBT_DHS"]
[Black "SiddharthGMJagadeesh"]
[Result "1-0"]
[WhiteElo "2667"]
[BlackElo "2586"]
[TimeControl "180+2"]
[EndTime "14:36:57 PST"]
[Termination "NTBT_DHS won by checkmate"]

1. d4 d5 2. c4 e6 3. Nf3 Nf6 4. g3 Be7 5. Bg2 O-O 6. O-O dxc4 7. Qc2 a6 8. a4 Bd7 9. Rd1 Bc6 10. Nc3 Nbd7 11.
e4 Bb4 12. d5 exd5 13. exd5 Nxd5 14. Nxd5 Bxd5 15. Rxd5 c6 16. Ng5 g6 17. Rd4 Qe7 18. Ne4 Ne5 19. Bg5 f6 20. Bh6 Rfd8 21. Rad1 Rxd4 22.
Rxd4 Rd8 23. Rxd8+ Qxd8 24. Bf4 Qd3 25. Qc1 Nd7 26. Bd2 a5 27. Bxb4 axb4 28. Qf4 f5 29. Ng5 c3 30. Bf1 Qd1 31. Qc4+ Kg7 32. Qf7+ Kh6 33. Qxh7+ Kxg5 34. Qh4# 1-0

[Event "*** Titled Tuesday Blitz"]
[Site "Chess.com"]
[Date "2019.11.05"]
[Round "7"]
[White "NikolaMa2000"]
[Black "coolthing"]
[Result "0-1"]
[WhiteElo "2033"]
[BlackElo "2358"]
[TimeControl "180+2"]
[EndTime "14:37:02 PST"]
[Termination "coolthing won by resignation"]

1. d4 Nf6 2. c4 g6 3. Nf3 Bg7 4. Nc3 d6 5. e4 O-O 6. Be2 e5 7. O-O exd4 8. Nxd4 Re8 9. Qc2 Nxe4 10. Bf3 Nxc3 11.
bxc3 c6 12. Bf4 Be5 13. Be3 Nd7 14. Rab1 Nc5 15. Qd2 Qc7 16. Rb4 a5 17. Rbb1 Bd7 18.
Nb3 Na4 19. Nd4 Be6 20. Nxe6 Rxe6 21. Bd4 Nc5 22. Rfe1 Rae8 23. Bg4 R6e7 24. h4 Ne6 25.
Be3 Nc5 26. h5 Ne4 27. Qc2 Bxc3 28. Red1 Bg7 29. hxg6 hxg6 30. Rd3 Nc5 31. Bxc5 dxc5 32. Rh3 Re1+ 0-1

[Event "*** Titled Tuesday Blitz"]
[Site "Chess.com"]
[Date "2019.11.05"]
[Round "7"]
[White "AryanTari"]
[Black "vlad10898"]
[Result "0-1"]
[WhiteElo "2835"]
[BlackElo "2692"]
[TimeControl "180+2"]
[EndTime "14:37:04 PST"]
[Termination "vlad10898 won by resignation"]

1. Nf3 Nf6 2. c4 g6 3. g3 Bg7 4. Bg2 O-O 5. O-O d6 6. d4 Nc6 7. Nc3 e5 8. d5 Nb8 9. e4 a5 10. Ne1 Na6 11. Nd3 Nd7 12. Be3 Ndc5 13. Qd2 Nxd3 14.
Qxd3 Nc5 15. Qd2 f5 16. exf5 gxf5 17. f4 e4 18. Ne2 Bd7 19. b3 h5 20. h4 Bxa1 21.
Rxa1 Nd3 22. Bd4 c5 23. dxc6 bxc6 24. Nc1 Nxc1 25. Rxc1 Kf7 26. Bc3 Be6 27. Rd1 Ra7 28. Qd4 Re7 29. Qg7+ Ke8 30. Qg6+ Bf7 31. Qxf5 Bxc4 32.
Qxh5+ Bf7 33. Qe2 d5 34. Bf6 Qb6+ 35. Kh2 Re6 36. Be5 Rg8 37. Bh3 Rh6 38. f5 Bh5 39.
g4 Bxg4 40. Qe3 Qxe3 0-1

[Event "*** Titled Tuesday Blitz"]
[Site "Chess.com"]
[Date "2019.11.05"]
[Round "7"]
[White "victormago"]
[Black "Vasily85"]
[Result "0-1"]
[WhiteElo "2450"]
[BlackElo "2245"]
[TimeControl "180+2"]
[EndTime "14:37:05 PST"]
[Termination "Vasily85 won on time"]

1. d4 Nf6 2. c4 e6 3. Nc3 Bb4 4. Qc2 O-O 5. Nf3 c5 6. dxc5 Na6 7. g3 Nxc5 8. Bg2 Nce4 9. O-O Nxc3 10. bxc3 Be7 11.
Ne5 d6 12. Nd3 Qc7 13. Qb3 Rb8 14. Bf4 b6 15. Rfd1 Ba6 16. Nb4 Bxc4 17. Qb2 Nh5 18.
Be3 d5 19. Bf3 Nf6 20. a4 Rbc8 21. Rdc1 Ne4 22. Nd3 Nc5 23. Rd1 Bf6 24. Nxc5 bxc5 25. Rac1 Qa5 26. Qa3 Rc6 27. Rb1 Qxc3 28. Bxc5 Qxa3 29.
Bxa3 Rfc8 30. Rb7 R6c7 0-1

[Event "*** Titled Tuesday Blitz"]
[Site "Chess.com"]
[Date "2019.11.05"]
[Round "7"]
[White "semchik73"]
[Black "Witik"]
[Result "0-1"]
[WhiteElo "2405"]
[BlackElo "2586"]
[TimeControl "180+2"]
[EndTime "14:37:07 PST"]
[Termination "Witik won by resignation"]

1. Nf3 Nf6 2. c4 d6 3. d4 Nbd7 4. Nc3 e5 5. dxe5 dxe5 6. e4 c6 7. Be2 Bb4 8. Qc2 a5 9. a3 Be7 10. O-O O-O 11. h3 Qc7 12. Be3 Bc5 13. Bxc5 Nxc5 14.
b4 Ne6 15. Rfd1 Re8 16. c5 axb4 17. axb4 Rxa1 18. Rxa1 Nd4 19. Qd3 Rd8 20. Nxd4 exd4 21. Na4 Qf4 22. Bf3 Be6 23. Nb6 g5 24. g3 Qe5 25.
Bg2 h5 26. Ra7 h4 27. Rxb7 Nh5 28. Kh2 g4 29. hxg4 Nf4 30. gxf4 Qxf4+ 31. Kg1 Bxg4 32. Qc4 d3 33. e5 Qf5 34. Qe4 d2 35. Qf4 d1=Q+ 36.
Bf1 Qxf4 37. Nd7 Rxd7 0-1

[Event "*** Titled Tuesday Blitz"]
[Site "Chess.com"]
[Date "2019.11.05"]
[Round "7"]
[White "tteshan"]
[Black "TomasKapitanchuk"]
[Result "0-1"]
[WhiteElo "2304"]
[BlackElo "2510"]
[TimeControl "180+2"]
[EndTime "14:37:07 PST"]
[Termination "TomasKapitanchuk won by resignation"]

1. d4 Nf6 2. c4 c5 3. d5 e6 4.
Nc3 exd5 5. cxd5 d6 6. e4 g6 7. f4 Bg7 8. Bb5+ Nfd7 9. a4 Qh4+ 10. g3 Qd8 11. Nf3 O-O 12. O-O a6 13. Bd3 Nf6 14. Nd2 Bh3 15. Re1 Ng4 16. Nf3 Nd7 17.
Qe2 c4 18. Bxc4 Qb6+ 19. Be3 Nxe3 20. Qxe3 Qxb2 21. Ne2 Rac8 22. Rab1 Qf6 23. Bd3 Bg4 24.
Rxb7 Nc5 25. Rbb1 Nxa4 26. Bxa6 Rc2 27. Bd3 Ra2 28. Bc4 Rb2 29. Rxb2 Nxb2 30. Bb5 Rb8 31. Bc6 Nc4 32. Qd3 Rb4 33. Nd2 Nxd2 34. Qxd2 Rxe4 35. Qd3 Qe7 36. Bb5 Bd4+ 37. Kg2 Bc5 38.
Qd2 Bb4 39. Qc2 Bxe1 40. Bd3 Rxe2+ 41. Bxe2 Qxe2+ 42. Qxe2 Bxe2 0-1

[Event "*** Titled Tuesday Blitz"]
[Site "Chess.com"]
[Date "2019.11.05"]
[Round "7"]
[White "MikeSailer"]
[Black "WPWPWP-2015"]
[Result "0-1"]
[WhiteElo "2208"]
[BlackElo "2473"]
[TimeControl "180+2"]
[EndTime "14:37:10 PST"]
[Termination "WPWPWP-2015 won by resignation"]

1. b4 e5 2. Bb2 Bd6 3. Nf3 Qe7 4. a3 Nf6 5. e3 O-O 6. Be2 b6 7. O-O Bb7 8. d4 e4 9. Nfd2 c5 10. dxc5 bxc5 11. Nc4 Bc7 12. Nc3 d5 13. Na5 Bxa5 14. bxa5 Rd8 15. Nb5 Nc6 16. Bxf6 gxf6 17. f3 f5 18. fxe4 fxe4 19. Qe1 Qe5 20. Rb1 Ba6 21. a4 Nb4 22. c3 Nd3 23. Qh4 Bxb5 24. axb5 Rd6 25. b6 axb6 26. Rxb6 Rg6 27. Rxg6+ hxg6 28. Rf6 Kg7 29. Rb6 Rxa5 30. Rb8 Ra1+ 31. Bf1 Qxb8 32.
Qe7 Rxf1+ 33. Kxf1 Qb2 0-1

[Event "*** Titled Tuesday Blitz"]
[Site "Chess.com"]
[Date "2019.11.05"]
[Round "7"]
[White "champ2005"]
[Black "DrVitman"]
[Result "1-0"]
[WhiteElo "2918"]
[BlackElo "2712"]
[TimeControl "180+2"]
[EndTime "14:37:15 PST"]
[Termination "champ2005 won on time"]

1. c4 e6 2. Nf3 d5 3. d4 Nf6 4.
g3 c6 5. Bg2 Nbd7 6. O-O Bd6 7.
b3 O-O 8. a4 e5 9. e3 exd4 10.
exd4 dxc4 11. bxc4 c5 12. d5 Ne5 13. Nbd2 Bf5 14.
Bb2 Ng6 15. Qb3 b6 16. Rfe1 Re8 17. h3 Rxe1+ 18. Rxe1 Bd7 19. Ng5 Bf8 20. Nde4 Nxe4 21. Nxe4 Ne7 22. g4 Ng6 23. Qg3 Qb8 24. d6 Bxa4 25. h4 Bc6 26. h5 Bxe4 27. Bxe4 Bxd6 28. Qe3 Nf8 29. Qc3 Ne6 30. Bxa8 Qxa8 31. Rxe6 Bf8 32.
Re2 Qc6 33. Qd3 Qc8 34. f3 a6 35. h6 1-0

[Event "*** Titled Tuesday Blitz"]
[Site "Chess.com"]
[Date "2019.11.05"]
[Round "7"]
[White "babadroga92"]
[Black "IMAghasiyevKamal"]
[Result "0-1"]
[WhiteElo "2623"]
[BlackElo "2426"]
[TimeControl "180+2"]
[EndTime "14:37:21 PST"]
[Termination "IMAghasiyevKamal won by checkmate"]

1. e4 c5 2. Nf3 e6 3. d4 cxd4 4.
Nxd4 a6 5. Nc3 d6 6. g3 Nf6 7. Bg2 Be7 8. O-O O-O 9. h3 Nc6 10. Nde2 Qc7 11. g4 b5 12. g5 Nd7 13. a3 Bb7 14. Ng3 Rad8 15. f4 d5 16. exd5 Nb6 17. Qg4 Nd4 18. f5 exf5 19. Nxf5 Nxf5 20. Qxf5 Qc5+ 21. Kh1 Nxd5 22. Ne4 Qc8 23. Qf2 f5 24. gxf6 Nxf6 25. Ng5 Ne4 26. Qh4 Rxf1+ 27. Bxf1 Nxg5+ 28. Bg2 Bxg2+ 29. Kxg2 Qxc2+ 30. Qf2 Qe4+ 31. Kh2 Nf3+ 32. Kg2 Nh4+ 33. Kh2 Bd6+ 34. Bf4 Bxf4+ 35. Qxf4 Qg2# 0-1

[Event "*** Titled Tuesday Blitz"]
[Site "Chess.com"]
[Date "2019.11.05"]
[Round "7"]
[White "Mostii"]
[Black "Saitama_Hero"]
[Result "0-1"]
[WhiteElo "2496"]
[BlackElo "2363"]
[TimeControl "180+2"]
[EndTime "14:37:25 PST"]
[Termination "Saitama_Hero won by resignation"]

1. d4 Nf6 2. Nf3 g6 3. g3 Bg7 4.
Bg2 c5 5. O-O cxd4 6. Nxd4 O-O 7. b3 d5 8. Bb2 e6 9. Nd2 Nc6 10. c4 Nd7 11. Nxc6 bxc6 12. Bxg7 Kxg7 13. e4 d4 14. f4 e5 15. Nf3 f6 16. Ne1 c5 17.
Nd3 Bb7 18. a3 a5 19. Rb1 Qe7 20. b4 axb4 21. axb4 Ra2 22. bxc5 Rxg2+ 23. Kxg2 Bxe4+ 24. Kg1 Nxc5 25. Nxc5 Bxb1 26. fxe5 fxe5 27. Rxf8 Kxf8 28. Qf3+ Kg7 29. Qd5 Bf5 30. Nb7 Qe6 31. Qd8 Qd7 32. Qb8 Qe7 33. c5 d3 34. Qd6 Qxd6 35. Nxd6 d2 0-1

[Event "*** Titled Tuesday Blitz"]
[Site "Chess.com"]
[Date "2019.11.05"]
[Round "7"]
[White "olksuna"]
[Black "GM_shahin"]
[Result "0-1"]
[WhiteElo "2598"]
[BlackElo "2741"]
[TimeControl "180+2"]
[EndTime "14:37:29 PST"]
[Termination "GM_shahin won on time"]

1. c4 e5 2. Nc3 Bb4 3. Nd5 a5 4. a3 Bc5 5. e3 Nf6 6. Nc3 c6 7. d4 exd4 8. exd4 Be7 9. Nf3 d5 10. h3 O-O 11. Bd3 Re8 12. O-O h6 13. Ne5 Be6 14. c5 Nbd7 15. f4 Nxe5 16. fxe5 Nd7 17. Bc2 Bg5 18. Qd3 g6 19. Rf3 b6 20. cxb6 Qxb6 21. Bxg5 hxg5 22. Raf1 Nxe5 23. Qd2 Nxf3+ 24.
Rxf3 Qxb2 25. Na4 Qa1+ 26. Kh2 g4 27. hxg4 Bxg4 28. Rf2 Re1 29. Qf4 Rh1+ 30. Kg3 f5 31.
Qd6 Qxd4 32. Qxg6+ Kh8 33. Bxf5 Rg8 34. Qxg8+ Kxg8 35. Bxg4 Qxa4 0-1

[Event "*** Titled Tuesday Blitz"]
[Site "Chess.com"]
[Date "2019.11.05"]
[Round "7"]
[White "eldur16"]
[Black "mikhaillushenkov"]
[Result "0-1"]
[WhiteElo "2586"]
[BlackElo "2709"]
[TimeControl "180+2"]
[EndTime "14:37:29 PST"]
[Termination "mikhaillushenkov won by resignation"]

1. e4 e6 2. d4 d5 3. e5 c5 4. c3 Qb6 5. Nf3 Nc6 6. a3 Bd7 7. b4 cxd4 8. cxd4 Rc8 9. Be3 Nh6 10. Bd3 Ng4 11. O-O Be7 12. Nbd2 Nxe3 13. fxe3 Nb8 14.
Qe2 O-O 15. e4 Rc3 16. exd5 exd5 17. Kh1 a6 18. Rfd1 Ba4 19. Rdc1 Rfc8 20. Rxc3 Rxc3 21.
Nf1 Qc7 22. Re1 Rc1 23. Ne3 Rxe1+ 24. Qxe1 Bc6 25. Nf5 Bf8 26. e6 fxe6 27. Qxe6+ Qf7 28. Qe5 Nd7 29. Qc7 Nf6 30. Qxf7+ Kxf7 31. Ne5+ Ke6 32. g4 g6 33. Nh4 Be8 34. Nhf3 Ne4 35. Kg2 b5 36. Kf1 Bh6 37. Ke2 Bc1 38. Bc2 Bxa3 39.
Nd3 Nc3+ 40. Kd2 Na2 41. Bb3 Nxb4 42. Nc5+ Kd6 43. Ne5 g5 44. h3 Nc6 45. Nxc6 Bxc6 46. Nxa6 Bb7 0-1

[Event "*** Titled Tuesday Blitz"]
[Site "Chess.com"]
[Date "2019.11.05"]
[Round "7"]
[White "Oligan22"]
[Black "StockholmMissile"]
[Result "1-0"]
[WhiteElo "2464"]
[BlackElo "2296"]
[TimeControl "180+2"]
[EndTime "14:37:31 PST"]
[Termination "Oligan22 won by resignation"]

1. e4 e5 2. Nf3 Nc6 3. Bb5 a6 4. Ba4 Nf6 5. O-O Be7 6. Re1 b5 7. Bb3 d6 8. c3 O-O 9. h3 Nb8 10. d4 Nbd7 11. Nbd2 Bb7 12. a4 c5 13. d5 c4 14. Bc2 Qc7 15. Nf1 g6 16. Bh6 Rfb8 17. Qd2 Nc5 18. Ng3 bxa4 19. Bxa4 Nxa4 20. Rxa4 Bc8 21. Rea1 Ra7 22. Qe2 Rab7 23. R1a2 Bd7 24. Rxc4 Qd8 25. Rb4 Rxb4 26. cxb4 Rxb4 27. Qxa6 Nxe4 28.
Nxe4 Rxe4 29. Qb7 Ra4 30. Rxa4 Bxa4 31. b4 Bf8 32. Bg5 f6 33. Be3 Qd7 34. Qa8 Kf7 35. Nd2 Qb5 36. Qa7+ Be7 37. Ne4 Qxb4 38. Nc5 Bc2 39. Ne6 Bf5 40. Nd8+ Ke8 41. Qxe7+ 1-0